 Dungeon Crawl Stone Soup version 0.18.1-48-g4cf74bf (webtiles) character file.

7 Alarkh the Charmwright (level 1, -1/16 HPs)
             Began as a Mummy Skald on Sept 13, 2016.
             Killed from afar by a dart slug (3 damage)
             ... with a slug dart
             ... on level 1 of the Dungeon.
             The game lasted 00:00:24 (383 turns).

Alarkh the Charmwright (Mummy Skald)                 Turns: 383, Time: 00:00:25

Health: -1/16      AC:  3    Str: 15    XL:     1   Next: 91%
Magic:  1/3        EV: 11    Int: 11    God:
Gold:   3          SH:  0    Dex: 11    Spells: 1 memorised, 3 levels left

rFire  x . .     SeeInvis .     a - +0 falchion
rCold  + . .     Gourm    .     b - +0 leather armour
rNeg   + + +     Faith    .     (no shield)
rPois  ∞         Spirit   .     (no helmet)
rElec  .         Dismiss  .     (no cloak)
rCorr  .         Reflect  .     (no gloves)
SustAt .         Harm     .     (no boots)
MR     .....                    (no amulet)
Stlth  +.........               (no ring)
                                (no ring)

@: not resistant to hostile enchantments, very unstealthy
A: no food or potions, fire vulnerability, cold resistance 1, negative energy
resistance 3, torment resistance, unbreathing
a: no special abilities


You were on level 1 of the Dungeon.
You were not hungry.

You visited 1 branch of the dungeon, and saw 1 of its levels.

You collected 3 gold pieces.

Inventory:

Hand Weapons
 a - a +0 falchion (weapon)
Armour
 b - a +0 leather armour (worn)
Scrolls
 d - a scroll of enchant weapon {unknown}
 e - a scroll of teleportation {unknown}
Books
 c - a book of Battle

   Spells                             Type                      Level
   a - Infusion                       Charms                       1
   b - Shroud of Golubria             Charms/Translocation         2
   c - Song of Slaying                Charms                       2
   d - Spectral Weapon                Hexes/Charms                 3
   e - Regeneration                   Charms/Necromancy            3


   Skills:
 - Level 2.0 Fighting
 + Level 2.2 Long Blades
 - Level 0.7 Armour
 - Level 0.7 Dodging
 - Level 2.0 Spellcasting
 - Level 2.4 Charms


You had 3 spell levels left.
You knew the following spells:

 Your Spells              Type           Power        Failure   Level  Hunger
a - Infusion              Chrm           #...         17%         1    N/A

Dungeon Overview and Level Annotations

Branches:
Dungeon (1/15)

Altars:


Innate Abilities, Weirdness & Mutations

You do not eat or drink.
Your flesh is vulnerable to fire.
You are immune to poison.
Your flesh is cold resistant.
You are immune to negative energy.
You are immune to unholy pain and torment.
You can survive without breathing.


Message History

The ball python constricts you.
Your attempt to break free from the ball python fails, but you feel that another attempt might succeed.
The ball python bites you but does no damage.
The ball python constricts you. The giant newt bites you.
* * * LOW HITPOINT WARNING * * *
You escape the ball python's grasp.
You hit the giant newt.
You kill the giant newt!
The ball python barely misses you. x2
You completely miss the ball python. The ball python misses you.
The ball python grabs you. The ball python constricts you.
You slash the ball python!
You kill the ball python!
Your magical infusion is running out.
A hobgoblin and a dart slug come into view.
The hobgoblin shouts!
You are no longer magically infusing your attacks.
The dart slug launches a dart at you. The slug dart hits you!
You die...

....................
.⌠.........⌠........
.........(.....⌠...#
......⌠..........###
.......((....###########
######)#######..##...[(#..
.###......#.#.......$......
..........#........g.....##
........######..@....?.w..#
..>......# #.............
.........#####.#...........
...........#...#.........##
.........#......#.......##
.........................
.........................
............##..........
.........#.............


You could see a dart slug and a hobgoblin.

Vanquished Creatures
  A giant cockroach (D:1)
  A goblin (D:1)
  A hobgoblin (D:1)
  A kobold (D:1)
  A ball python (D:1)
  A giant newt (D:1)
  A rat (D:1)
7 creatures vanquished.

Notes
Turn   | Place    | Note
--------------------------------------------------------------
     0 | D:1      | Alarkh the Mummy Skald began the quest for the Orb.
     0 | D:1      | Reached XP level 1. HP: 16/16 MP: 3/3
   383 | D:1      | Killed from afar by a dart slug

Skill      XL: |  1 |
---------------+----+-----
Long Blades    | 2 |  2.2
Fighting       | |  2.0
Armour         | |  0.7
Dodging        | |  0.7
Spellcasting   | |  2.0
Charms         | |  2.4

Action                   || total
-------------------------++-------
Melee: Falchion          ||    30
 Cast: Infusion          ||     5
Armor: Leather armour    ||    16
Dodge: Dodged            ||    43
